 Dungeon Crawl Stone Soup version 0.32-a0-41-gec2d92a32c (webtiles) character file.

Game seed: 18233760655997432424

46 Newt the Ruffian (level 3, 0/24 HPs)
             Began as an Octopode Shapeshifter on Jan 25, 2024.
             Slain by a jackal (2 damage)
             ... on level 2 of the Dungeon.
             The game lasted 00:01:14 (1129 turns).

Newt the Ruffian (Octopode Shapeshifter)            Turns: 1129, Time: 00:01:15

Health: 0/24       AC:  1    Str: 15    XL:     3   Next: 66%
Magic:  3/3        EV: 13    Int: 12    God:
Gold:   70         SH:  0    Dex: 11    Spells: 2/2 levels left

rFire   . .          .
                       - Unarmed
rCold   . . .        (no shield)
rNeg    . . .        (helmet currently unavailable)
rPois   .            (no amulet)
rElec   .            (no ring)
rCorr   .            (no ring)
SInv    .            (no ring)
Will    .....        (no ring)
Stlth   ++           (no ring)
HPRegen 0.24/turn    (no ring)
MPRegen 0.08/turn    (no ring)
                     (no ring)

%: no passive effects
@: beast-form
A: beast (slay +1), almost no armour, amphibious, 8 rings, camouflage 1,
gelatinous body 1, (nimble swimmer 1), tentacles
a: Begin Untransformation


You were on level 2 of the Dungeon.
You were a hulking beast.
You visited 1 branch of the dungeon, and saw 2 of its levels.

You collected 70 gold pieces.

Inventory:

Talismans
 b - a beast talisman
 c - a flux talisman
Scrolls
 d - a scroll of immolation {unknown}
 g - a scroll of identify {unknown}
 h - a scroll of noise {unknown}
Potions
 a - a potion of lignification
 e - a potion of attraction {unknown}
 f - a potion of curing {unknown}


   Skills:
 + Level 1.7 Fighting
 * Level 2.9 Dodging
 * Level 3.6 Unarmed Combat
 - Level 3.0 Shapeshifting


You had 2 spell levels left.
You didn't know any spells.
Your spell library contained the following spells:

 Spells                   Type           Power      Damage    Failure   Level
 Apportation              Tloc           0%         N/A       32%         1
 Necrotise                Necr           0%         1d4       32%         1
 Sting                    Conj/Alch      0%         1d3       32%         1
 Summon Small Mammal      Summ           0%         N/A       32%         1


Dungeon Overview and Level Annotations

Branches:
Dungeon (2/15)

Altars:

Shops:
D:2 (


Innate Abilities, Weirdness & Mutations

You are a hulking beast.
Your limbs bulge with bestial killing power. (Slay +1)
You cannot wear most types of armour.
You are amphibious.
You can wear up to eight rings at the same time.
Your skin changes colour to match your surroundings (Stealth+).
Your rubbery body absorbs attacks. (AC +1, EV +1)
((You are camouflaged when in or above water. (Stealth+)))
You have tentacles for arms and can constrict up to eight enemies at once.


Message History

The jackal closely misses you.
You feel sick. The jackal barely misses you.
A dart slug comes into view.
You feel sick.
You are no longer poisoned.
An adder comes into view.
The adder hisses angrily.
The jackal closely misses you.
A kobold comes into view. It is wielding a +0 short sword.
A quokka comes into view.
Okay, then.
You barely miss the adder.
The kobold shouts!
Your grab misses the adder. The adder closely misses you.
The jackal barely misses you.
You tentacle-slap the adder. Your grab misses the adder.
Your tentacle-slap misses the adder.
The adder is lightly wounded.
The adder misses you. The jackal misses you. The adder closely misses you.
You miss the adder. You grab the adder.
The adder is lightly wounded.
You constrict the adder. The jackal closely misses you. The adder bites you.
You tentacle-slap the adder.
The adder is severely wounded.
You constrict the adder. The jackal closely misses you.
The adder barely misses you. The jackal closely misses you.
You bludgeon the adder!
You kill the adder!
The jackal bites you.
* * * LOW HITPOINT WARNING * * *
You tentacle-slap the quokka. Your grab misses the quokka.
You squeeze the quokka.
You kill the quokka!
The jackal bites you but does no damage.
You miss the kobold. You grab the kobold. Your squeeze misses the kobold.
You constrict the kobold, but do no damage.
The jackal bites you.
* * * LOW HITPOINT WARNING * * *
The jackal bites you.
You die...

w. #..#.# ...
.⌠.#....# #..
..#....##..
.###.....#..
...........
##........#
........rh####.#...
#.....hShhK......
####..######.....
#...# ... ##...# #
####..r#####
#............##
##..............##
#............r...#
#................##.#


You could see an adder, 3 jackals, a kobold and a rat.

Vanquished Creatures
  An adder (D:2)
  A dart slug (D:1)
  4 endoplasms (D:1)
  2 giant cockroaches (D:1)
  3 goblins (D:1)
  3 hobgoblins (D:1)
  2 jackals (D:2)
  3 quokkas
  A ball python (D:1)
  3 bats (D:1)
  A frilled lizard (D:1)
  3 kobolds
  5 rats (D:1)
32 creatures vanquished.

Notes
Turn   | Place    | Note
-------+----------+-------------------------------------------
     0 | D:1      | Newt the Octopode Shapeshifter began the quest for the Orb.
     0 | D:1      | Reached XP level 1. HP: 13/13 MP: 1/1
    58 | D:1      | Reached XP level 2. HP: 9/18 MP: 2/2
   565 | D:1      | Reached XP level 3. HP: 23/23 MP: 3/3
  1102 | D:2      | Found Lyqoac's Antique Weapon Shop.
  1129 | D:2      | Slain by a jackal

Illustrated notes

Levels and vault maps discovered:
D:1:      amcnicky_arrival_choice, layout_basic, chequers_serial_rivers_small_b,
          minmay_hedge_maze, minmay_misc_feat_four_crosses,
          minmay_close_crescents
D:2:      layout_rooms, serial_shops, nicolae_shop_crystal, fountainhead,
          kennysheep_generic_room_16

Action                     || total
---------------------------++-------
  Melee: Unarmed           ||    63
         Constrict         ||    19
         Tentacles         ||    12
   Stab: Sleeping          ||     1
 Armour: Skin              ||    31
  Dodge: Dodged            ||    40

Table legend: (Time is in decaauts)
 A = Elapsed time spent in this place.
 B = Non-inter-level travel time spent in this place.
 C = Inter-level travel time spent in this place.
 D = Time resting spent in this place.
 E = Time spent auto-exploring this place.
 F = Levels seen in this place.
 G = Mean time per level.
                   A        B        C        D        E       F      G
               +--------+--------+--------+--------+--------+-----+--------+
         Total |   1124 |   1092 |     32 |    276 |    621 |   2 |  562.0 |
       Dungeon |   1124 |   1092 |     32 |    276 |    621 |   2 |  562.0 |
               +--------+--------+--------+--------+--------+-----+--------+

Top non-repeatable levels by time:
     D:1: 1036 daAuts
     D:2: 88 daAuts
